3A
PUT-IN-BAY BC @ GRAND FORKS CATERPILLARS
08/17/2029
 
TOP OF THE 1ST
Put-In-Bay BC batting - Pitching for Grand Forks Caterpillars : LHP Awad Mahmudnizhad
Pitching: LHP Awad Mahmudnizhad
Batting: RHB Andrew Cantrell 0-0: Called Strike
0-1: Foul Ball, location: 2F
0-2: Ball
1-2: Strikes out swinging
Batting: RHB Mike Elzey 0-0: Foul Ball, location: 2F
0-1: Swinging Strike
0-2: Ball
1-2: Ball
2-2: Ball
3-2: SOLO HOME RUN (Flyball, 7D), Distance : 389 ft
Batting: RHB Manny Bendixen 0-0: Ball
1-0: Called Strike
1-1: Ball
2-1: Swinging Strike
2-2: Strikes out swinging, 2-3 out at first.
Batting: SHB Theron Montecalvo 0-0: SINGLE (Line Drive, 7S)
Batting: RHB Franklin Kelley 0-0: Swinging Strike
0-1: Ball
1-1: Called Strike
1-2: Foul Ball, location: 2F
1-2: Foul Ball, location: 2F
1-2: Ball
2-2: Strikes out swinging
Top of the 1st over - 1 run, 2 hits, 0 errors, 1 left on base; Put-In-Bay 1 - Grand Forks 0
BOTTOM OF THE 1ST
Grand Forks Caterpillars batting - Pitching for Put-In-Bay BC : RHP Ricardo García
Pitching: RHP Ricardo García
Batting: SHB Robert Penn 0-0: Ball
1-0: SINGLE (Groundball, 34D)
Batting: RHB Jun Kung 0-0: Called Strike
0-1: Ball
1-1: Ball
2-1: Ball
3-1: Called Strike
3-2: Strikes out swinging
Batting: SHB Kilipaki Malamapono 0-0: Swinging Strike
0-1: Called Strike
0-2: Ball
1-2: Ground out 5-3 (Groundball, 25)
Robert Penn to second
Batting: SHB Tony Walsh 0-0: Foul Ball, location: 2F
0-1: Foul Ball, location: 2F
0-2: SINGLE (Line Drive, 9S)
Robert Penn to third
Runner from 3rd tries for Home, SAFE, no throw
Batting: LHB Vicente Gonzáles 0-0: Ball
1-0: Ball
2-0: Called Strike
2-1: Called Strike
2-2: Strikes out swinging
Bottom of the 1st over - 1 run, 2 hits, 0 errors, 1 left on base; Put-In-Bay 1 - Grand Forks 1
TOP OF THE 2ND
Put-In-Bay BC batting - Pitching for Grand Forks Caterpillars : LHP Awad Mahmudnizhad
Batting: LHB Vladya Pugiev 0-0: Ball
1-0: Ball
2-0: Foul Ball, location: 2F
2-1: Called Strike
2-2: Strikes out swinging
Batting: RHB Brock Dean 0-0: Ball
1-0: Ball
2-0: Ball
3-0: Base on Balls
Batting: RHB Oscar McMillan 0-0: Called Strike
0-1: Ball
1-1: Foul Ball, location: 2F
1-2: Ball
2-2: Reached on error, E5 (Groundball, 56)
Brock Dean to second
Batting: RHB Jorge Alvarado 0-0: Ball
1-0: Foul Ball, location: 2F
1-1: Fly out, F5 (Line Drive, 56)
Batting: RHB Andrew Cantrell 0-0: Swinging Strike
0-1: Swinging Strike
0-2: Ball
1-2: Ground out 3-1 (Groundball, 34)
Top of the 2nd over - 0 runs, 0 hits, 1 error, 2 left on base; Put-In-Bay 1 - Grand Forks 1
BOTTOM OF THE 2ND
Grand Forks Caterpillars batting - Pitching for Put-In-Bay BC : RHP Ricardo García
Batting: RHB Moriz Ayushiev 0-0: Ball
1-0: Fly out, F9 (Line Drive, 9)
Batting: RHB Hang-ki Chung 0-0: Called Strike
0-1: Ball
1-1: Swinging Strike
1-2: Strikes out looking
Batting: RHB Vonne Navarrete 0-0: Fly out, F9 (Flyball, 9LS)
Bottom of the 2nd over - 0 runs, 0 hits, 0 errors, 0 left on base; Put-In-Bay 1 - Grand Forks 1
TOP OF THE 3RD
Put-In-Bay BC batting - Pitching for Grand Forks Caterpillars : LHP Awad Mahmudnizhad
Batting: RHB Mike Elzey 0-0: Called Strike
0-1: SINGLE (Flyball, 78S)
Batting: RHB Manny Bendixen 0-0: Ball
1-0: Ball
2-0: Ball
3-0: Base on Balls
Mike Elzey to second
Batting: SHB Theron Montecalvo 0-0: Ball
1-0: Ball
2-0: Ball
3-0: Foul Ball, location: 2F
3-1: Called Strike
3-2: Foul Ball, location: 2F
3-2: Base on Balls
Mike Elzey to third
Manny Bendixen to second
Pitching: RHP Carlos Cardoso
Batting: RHB Franklin Kelley 0-0: Called Strike
0-1: Ball
1-1: Fielders Choice at 2nd, 6-4 (Groundball, 6)
Mike Elzey scores
Manny Bendixen to third
Batting: LHB Vladya Pugiev 0-0: Ball
1-0: Ball
2-0: Ball
3-0: Base on Balls
Franklin Kelley to second
Batting: RHB Brock Dean 0-0: Called Strike
0-1: Called Strike
0-2: Strikes out looking
Batting: RHB Oscar McMillan 0-0: Foul Ball, location: 2F
0-1: Swinging Strike
0-2: Strikes out looking
Top of the 3rd over - 1 run, 1 hit, 0 errors, 3 left on base; Put-In-Bay 2 - Grand Forks 1
BOTTOM OF THE 3RD
Grand Forks Caterpillars batting - Pitching for Put-In-Bay BC : RHP Ricardo García
Batting: LHB José Román 0-0: SINGLE (Groundball, 4MD)
Batting: SHB Robert Penn 0-0: Ball
1-0: Fly out, F8 (Flyball, 8LD)
Batting: RHB Jun Kung 0-0: Ball
1-0: Ball
2-0: Ball
3-0: Base on Balls
José Román to second
Batting: SHB Kilipaki Malamapono 0-0: Ball
1-0: Called Strike
1-1: Grounds into double play, 6-4-3 (Groundball, 6)
Bottom of the 3rd over - 0 runs, 1 hit, 0 errors, 1 left on base; Put-In-Bay 2 - Grand Forks 1
TOP OF THE 4TH
Put-In-Bay BC batting - Pitching for Grand Forks Caterpillars : RHP Carlos Cardoso
Batting: RHB Jorge Alvarado 0-0: Called Strike
0-1: Fly out, F8 (Flyball, 8LD)
Batting: RHB Andrew Cantrell 0-0: Ball
1-0: Foul Ball, location: 2F
1-1: Swinging Strike
1-2: Ball
2-2: Strikes out swinging
Batting: RHB Mike Elzey 0-0: Ball
1-0: Ball
2-0: Ground out 6-3 (Groundball, 6)
Top of the 4th over - 0 runs, 0 hits, 0 errors, 0 left on base; Put-In-Bay 2 - Grand Forks 1
BOTTOM OF THE 4TH
Grand Forks Caterpillars batting - Pitching for Put-In-Bay BC : RHP Ricardo García
Batting: SHB Tony Walsh 0-0: Foul Ball, location: 2F
0-1: Ball
1-1: SINGLE (Line Drive, 7S)
Batting: LHB Vicente Gonzáles 0-0: Called Strike
0-1: Ball
1-1: Fly out, F8 (Flyball, 8RM)
Batting: RHB Moriz Ayushiev 0-0: Fly out, F8 (Flyball, 89M)
Batting: RHB Hang-ki Chung 0-0: Ball
1-0: SINGLE (Flyball, 78M)
Tony Walsh to second
Batting: RHB Vonne Navarrete 0-0: Ball
1-0: Reached on error, E5 (Groundball, 56)
Tony Walsh to third
Hang-ki Chung to second
Batting: LHB José Román 0-0: Ball
1-0: DOUBLE (Line Drive, 8RD)
Tony Walsh scores
Hang-ki Chung scores
Vonne Navarrete to third
Runner from 3rd tries for Home, SAFE, no throw
Batting: SHB Robert Penn 0-0: Swinging Strike
0-1: Ball
1-1: Ground out 4-3 (Groundball, 4)
Bottom of the 4th over - 3 runs, 3 hits, 1 error, 1 left on base; Put-In-Bay 2 - Grand Forks 4
TOP OF THE 5TH
Put-In-Bay BC batting - Pitching for Grand Forks Caterpillars : RHP Carlos Cardoso
Batting: RHB Manny Bendixen 0-0: Foul Ball, location: 2F
0-1: SINGLE (Line Drive, 78S)
Batting: SHB Theron Montecalvo 0-0: Called Strike
Manny Bendixen steals 2nd base
0-1: Called Strike
0-2: Foul Ball, location: 2F
0-2: Ball
1-2: Strikes out swinging
Pitching: RHP Rubén Elejarde
Batting: RHB Franklin Kelley 0-0: Ball
Manny Bendixen steals 3rd base
1-0: Foul Ball, location: 2F
1-1: Ball
2-1: Swinging Strike
2-2: Strikes out looking
Batting: LHB Vladya Pugiev 0-0: Ball
1-0: Ball
2-0: Called Strike
2-1: Foul Ball, location: 2F
2-2: Ball
3-2: Foul Ball, location: 2F
3-2: Fly out, F8 (Flyball, 8LD)
Top of the 5th over - 0 runs, 1 hit, 0 errors, 1 left on base; Put-In-Bay 2 - Grand Forks 4
BOTTOM OF THE 5TH
Grand Forks Caterpillars batting - Pitching for Put-In-Bay BC : RHP Ricardo García
Batting: RHB Jun Kung 0-0: Ball
1-0: Foul Ball, location: 2F
1-1: Ground out U3 (Groundball, 3)
Batting: SHB Kilipaki Malamapono 0-0: Ball
1-0: DOUBLE (Flyball, 78D)
Batting: SHB Tony Walsh 0-0: Ball
1-0: Called Strike
1-1: Foul Ball, location: 2F
1-2: SINGLE (Line Drive, 89S)
Kilipaki Malamapono to third
Runner from 3rd tries for Home, SAFE, throw made home
Batting: LHB Vicente Gonzáles 0-0: Ball
1-0: Grounds into double play, 1-6-3 (Groundball, P)
Bottom of the 5th over - 1 run, 2 hits, 0 errors, 0 left on base; Put-In-Bay 2 - Grand Forks 5
TOP OF THE 6TH
Put-In-Bay BC batting - Pitching for Grand Forks Caterpillars : RHP Rubén Elejarde
Batting: RHB Brock Dean 0-0: Called Strike
0-1: Ground out 6-3 (Groundball, 6)
Batting: RHB Oscar McMillan 0-0: Ball
1-0: Called Strike
1-1: Called Strike
1-2: Strikes out looking
Batting: RHB Jorge Alvarado 0-0: Foul Ball, location: 2F
0-1: Swinging Strike
0-2: Ball
1-2: Reached on error, E9 (Flyball, 9S)
Batting: RHB Andrew Cantrell 0-0: Called Strike
0-1: Foul Ball, location: 2F
0-2: Ball
1-2: Foul Ball, location: 2F
1-2: Foul Ball, location: 2F
1-2: Foul Ball, location: 2F
1-2: Ball
2-2: Ball
3-2: Ground out 6-3 (Groundball, 6M)
Top of the 6th over - 0 runs, 0 hits, 1 error, 1 left on base; Put-In-Bay 2 - Grand Forks 5
BOTTOM OF THE 6TH
Grand Forks Caterpillars batting - Pitching for Put-In-Bay BC : RHP Ricardo García
Batting: RHB Moriz Ayushiev 0-0: Ball
1-0: SINGLE (Groundball, 56D)
Batting: RHB Hang-ki Chung 0-0: Ball
1-0: Foul Ball, location: 2F
1-1: Ball
2-1: Ball
3-1: Foul Ball, location: 2F
3-2: Foul Ball, location: 2F
3-2: DOUBLE (Flyball, 89D)
Moriz Ayushiev to third
Pitching: RHP Gustavo Díaz
Batting: RHB Vonne Navarrete 0-0: Foul Ball, location: 2F
0-1: Ball
1-1: Called Strike
1-2: Ball
2-2: Foul Ball, location: 2F
2-2: Foul Ball, location: 2F
2-2: Fly out, F5 (Line Drive, 5F)
Batting: LHB José Román 0-0: Ball
1-0: Swinging Strike
1-1: Called Strike
1-2: Strikes out swinging
Batting: SHB Robert Penn 0-0: Fly out, F9 (Flyball, 9D)
Bottom of the 6th over - 0 runs, 2 hits, 0 errors, 2 left on base; Put-In-Bay 2 - Grand Forks 5
TOP OF THE 7TH
Put-In-Bay BC batting - Pitching for Grand Forks Caterpillars : RHP Rubén Elejarde
Batting: RHB Mike Elzey 0-0: Ball
1-0: Called Strike
1-1: Foul Ball, location: 2F
1-2: Foul Ball, location: 2F
1-2: Ball
2-2: Ball
3-2: Fly out, F9 (Flyball, 89S)
Batting: RHB Manny Bendixen 0-0: Called Strike
0-1: Ball
1-1: Ball
2-1: Ball
3-1: Fly out, F6 (Popup, 6MD)
Batting: SHB Theron Montecalvo 0-0: Ball
1-0: Foul Ball, location: 2F
1-1: Ball
2-1: Ball
3-1: Foul Ball, location: 2F
3-2: Base on Balls
Batting: RHB Franklin Kelley 0-0: Called Strike
0-1: Ball
1-1: Called Strike
Theron Montecalvo steals 2nd base
1-2: Ball
2-2: DOUBLE (Line Drive, 7LD)
Theron Montecalvo scores
Batting: LHB Vladya Pugiev 0-0: Ball
1-0: Foul Ball, location: 2F
1-1: Hit by Pitch
Batting: RHB Brock Dean 0-0: Ball
1-0: Ball
2-0: Called Strike
2-1: Fly out, F6 (Popup, 6MD)
Top of the 7th over - 1 run, 1 hit, 0 errors, 2 left on base; Put-In-Bay 3 - Grand Forks 5
BOTTOM OF THE 7TH
Grand Forks Caterpillars batting - Pitching for Put-In-Bay BC : RHP Gustavo Díaz
Batting: RHB Jun Kung 0-0: Ball
1-0: Foul Ball, location: 2F
1-1: Ball
2-1: Ball
3-1: Ground out 4-3 (Groundball, 4M)
Batting: SHB Kilipaki Malamapono 0-0: Fly out, F7 (Flyball, 7)
Batting: SHB Tony Walsh 0-0: Fly out, F7 (Line Drive, 78S)
Bottom of the 7th over - 0 runs, 0 hits, 0 errors, 0 left on base; Put-In-Bay 3 - Grand Forks 5
TOP OF THE 8TH
Put-In-Bay BC batting - Pitching for Grand Forks Caterpillars : RHP Rubén Elejarde
Batting: RHB Oscar McMillan 0-0: Called Strike
0-1: Called Strike
0-2: Ball
1-2: Ball
2-2: Foul Ball, location: 2F
2-2: Strikes out looking
Batting: RHB Jorge Alvarado 0-0: SINGLE (Line Drive, 56D)
Batting: RHB Andrew Cantrell 0-0: Called Strike
0-1: Foul Ball, location: 2F
0-2: SINGLE (Groundball, 4D)
Jorge Alvarado to second
Runner from 2nd tries for 3rd, SAFE, no throw
Pitching: RHP Alberto Ortíz
Batting: RHB Mike Elzey 0-0: Called Strike
0-1: Called Strike
0-2: Foul Ball, location: 2F
0-2: Ball
1-2: Ball
2-2: Strikes out looking
Batting: RHB Manny Bendixen 0-0: Ball
1-0: Ball
2-0: Ball
3-0: Called Strike
3-1: TRIPLE (Line Drive, 8RXD)
Jorge Alvarado scores
Andrew Cantrell scores
Batting: SHB Theron Montecalvo 0-0: Called Strike
0-1: DOUBLE (Line Drive, 9LM)
Manny Bendixen scores
Batting: RHB Franklin Kelley 0-0: Ball
1-0: Foul Ball, location: 2F
1-1: Called Strike
1-2: Ball
2-2: Foul Ball, location: 2F
2-2: Ball
3-2: Ground out 1-3 (Groundball, P)
Top of the 8th over - 3 runs, 4 hits, 0 errors, 1 left on base; Put-In-Bay 6 - Grand Forks 5
BOTTOM OF THE 8TH
Grand Forks Caterpillars batting - Pitching for Put-In-Bay BC : RHP Gustavo Díaz
Batting: LHB Vicente Gonzáles 0-0: Called Strike
0-1: Ball
1-1: Fly out, F9 (Flyball, 9D)
Batting: RHB Moriz Ayushiev 0-0: Ball
1-0: Ball
2-0: Ground out 4-3 (Groundball, 4)
Batting: RHB Hang-ki Chung 0-0: Called Strike
0-1: Ball
1-1: Fly out, F9 (Flyball, 9D)
Bottom of the 8th over - 0 runs, 0 hits, 0 errors, 0 left on base; Put-In-Bay 6 - Grand Forks 5
TOP OF THE 9TH
Put-In-Bay BC batting - Pitching for Grand Forks Caterpillars : RHP Alberto Ortíz
Batting: LHB Vladya Pugiev 0-0: Called Strike
0-1: Ball
1-1: DOUBLE (Groundball, 3L)
Batting: RHB Brock Dean 0-0: Ball
1-0: Ball
2-0: Swinging Strike
2-1: Ball
3-1: Called Strike
3-2: Strikes out swinging
Batting: RHB Oscar McMillan 0-0: SINGLE (Line Drive, 9S)
Vladya Pugiev to third
Runner from 3rd tries for Home, SAFE, no throw
Batting: RHB Jorge Alvarado 0-0: Ball
1-0: Called Strike
1-1: Ball
2-1: Foul Ball, location: 2F
2-2: Ball
3-2: Foul Ball, location: 2F
3-2: Fielders Choice at 2nd, 6-4 (Groundball, 56)
Batting: RHB Andrew Cantrell 0-0: Ball
1-0: Ball
2-0: Swinging Strike
2-1: Swinging Strike
2-2: Ball
Jorge Alvarado is caught stealing 2nd base
Top of the 9th over - 1 run, 2 hits, 0 errors, 0 left on base; Put-In-Bay 7 - Grand Forks 5
BOTTOM OF THE 9TH
Grand Forks Caterpillars batting - Pitching for Put-In-Bay BC : RHP Gustavo Díaz
Batting: RHB Vonne Navarrete 0-0: Ground out 5-3 (Groundball, 56S)
Batting: LHB José Román 0-0: Called Strike
0-1: Ground out 1-3 (Groundball, 15S)
Batting: SHB Robert Penn 0-0: Called Strike
0-1: Ground out 1-3 (Groundball, 13S)
Bottom of the 9th over - 0 runs, 0 hits, 0 errors, 0 left on base; Put-In-Bay 7 - Grand Forks 5
Tuesday, December 19th, 2017 - OOTP Baseball 18.8 Build 76